 Dungeon Crawl Stone Soup version 0.28-a0-1404-g4df0f3684d (webtiles) character file.

Game seed: 6573885876129254379

186 vivovinco the Chopper (level 5, -8/44 HPs)
             Began as a Palentonga Berserker on Jan 5, 2022.
             Was a Believer of Trog.
             Mangled by an ogre (19 damage)
             ... on level 4 of the Dungeon.
             The game lasted 00:09:19 (2268 turns).

vivovinco the Chopper (Palentonga Berserker)        Turns: 2268, Time: 00:09:19

Health: -8/44      AC:  7    Str: 23    XL:     5   Next: 38%
Magic:  5/5        EV:  9    Int:  7    God:    Trog [**....]
Gold:   99         SH:  0    Dex:  9    Spells: 4/4 levels left

rFire   . . .      SeeInvis +   a - +0 hand axe
rCold   . . .      Faith    .   (no shield)
rNeg    . . .      Spirit   .   n - +0 ring mail
rPois   .          Reflect  .   e - +0 helmet
rElec   .          Harm     .   (no cloak)
rCorr   .          Rampage  .   (no gloves)
Will    ++...                   (no barding)
Stlth   ..........              j - amulet of magic regeneration
HPRegen 1.14/turn               (no ring)
MPRegen 0.49/turn               (no ring)

@: strong-willed, on berserk cooldown, regenerating
A: large, rugged brown scales 3, see invisible, deformed body, roll 1, armoured
tail
a: Rolling Charge, Renounce Religion, Berserk, Trog's Hand


You were on level 4 of the Dungeon.
You worshipped Trog.
Trog was pleased with you.
You visited 1 branch of the dungeon, and saw 4 of its levels.

You collected 99 gold pieces.

Inventory:

Hand Weapons
 a - a +0 hand axe (weapon)
Missiles
 d - 40 stones
Armour
 e - a +0 helmet (worn)
 n - a +0 ring mail (worn)
Jewellery
 j - an amulet of magic regeneration (around neck)
Scrolls
 f - a scroll of teleportation
Potions
 b - 3 potions of ambrosia {unknown}
 c - a potion of attraction {unknown}
 l - 2 potions of curing {unknown}
 m - a potion of might {unknown}


   Skills:
 + Level 3.9 Fighting
 + Level 4.6 Axes
 + Level 0.3 Throwing
 + Level 2.1 Armour
 + Level 2.1 Dodging
 + Level 0.3 Stealth


You had 4 spell levels left.
You didn't know any spells.
Your spell library was empty.

Dungeon Overview and Level Annotations

Branches:
Dungeon (4/15)
 Temple: D:4-7

Altars:

Shops:
D:1 (


Innate Abilities, Weirdness & Mutations

You are completely covered in rugged brown scales. (AC +3, +7% HP)
You have supernaturally acute eyesight. (SInv)
Armour fits poorly on your strangely shaped body.
You can roll at nearby foes to attack.
You have a long armoured tail.


Message History

An ogre comes into view. It is wielding a +0 giant club.
The black bear bites you but does no damage.
The black bear claws you but does no damage. x2
You closely miss the black bear. You tail-slap the black bear!
The black bear is almost dead.
You feel yourself speed up.
The black bear goes berserk!
Unknown command.
You hit the black bear.
Your tail-slap misses the black bear.
The black bear is almost dead.
The black bear bites you!
The black bear claws you but does no damage.
The black bear closely misses you. The black bear bites you.
The black bear barely misses you. The black bear claws you.
* * * LOW HITPOINT WARNING * * *
Your skin crawls.
You feel strong-willed. The black bear bites you.
* * * LOW HITPOINT WARNING * * *
The black bear claws you but does no damage.
The black bear completely misses you. The ogre closely misses you.
You hit the black bear.
The black bear is almost dead.
You hit the ogre.
The black bear bites you but does no damage.
The black bear claws you but does no damage.
The black bear claws you.
* * * LOW HITPOINT WARNING * * *
The black bear bites you but does no damage.
The black bear claws you but does no damage.
The black bear closely misses you.
An endoplasm comes into view.
The black bear closely misses you. The black bear barely misses you. x2
The black bear rages.
The black bear bites you but does no damage.
The black bear barely misses you.
The black bear claws you but does no damage.
The black bear rages.
The ogre hits you with a +0 giant club!!
You die...

...[...##..†....#
#......###.....##
#.#.....###...##
..)....#..###.# ###
..##...##.....# ..##
.###..###.[..#####....#
..###..##.#####..#....#
.## #.....## ##..!....#
<.# ##.....###..@.....#
..# #.##.[.#..Oh.....#
#.# #...............##
.................(##..#
..........#....J### .#
##..#.............# #
.##..#.....##.....
###.####..####..... #.
##.. ..#..


You could see a black bear (berserk), an ogre and an endoplasm.

Vanquished Creatures
  2 vampire bats (D:4)
  2 adders (D:2)
  A gnoll (D:1)
  An ufetubus (D:4)
  2 worms (D:2)
  2 dart slugs
  13 bats
  10 endoplasms
  2 giant cockroaches
  4 goblins
  4 hobgoblins
  A jackal (D:1)
  4 kobolds
  3 quokkas
  3 ball pythons
  7 frilled lizards
  A rat (D:1)
62 creatures vanquished.

Vanquished Creatures (collateral kills)
  A kobold (D:3)
1 creature vanquished.

Grand Total: 63 creatures vanquished

Notes
Turn   | Place    | Note
-------+----------+-------------------------------------------
     0 | D:1      | vivovinco the Palentonga Berserker began the quest for the
                  | Orb.
     0 | D:1      | Reached XP level 1. HP: 19/19 MP: 1/1
   202 | D:1      | Reached XP level 2. HP: 22/25 MP: 2/2
   486 | D:1      | Reached XP level 3. HP: 31/31 MP: 3/3
   572 | D:1      | Found Piffil's Antique Weapon Shoppe.
   594 | D:1      | Found a faded altar of an unknown god.
  1280 | D:2      | Reached ** piety under Trog
  1293 | D:2      | Reached skill level 4 in Axes
  1293 | D:2      | Reached XP level 4. HP: 39/39 MP: 4/4
  2228 | D:4      | Reached XP level 5. HP: 44/44 MP: 5/5
  2256 | D:4      | Noticed a black bear
  2260 | D:4      | Noticed an ogre
  2268 | D:4      | Mangled by an ogre

Illustrated notes

Levels and vault maps discovered:
D:1:      dpeg_arrival_long_road, layout_basic, serial_shops, shop,
          ebering_ecumenical_altar_box, st_stairs_1
D:2:      layout_basic, minmay_misc_feat_square, minmay_lizard_pond,
          uniq_sigmund
D:3:      layout_loops_ring, mainiacjoe_overflow_tiny_flanked
D:4:      layout_cave_pools, nicolae_qazlal_general_emergency,
          cheibrodos_sewer_entry_drain, roderic_batcave, nrook_uturn

Skill      XL: |  1  2  3  4 |
---------------+-------------+-----
Axes           | 4 |  4.6
Dodging        | 2 |  2.1
Armour         | 2 |  2.1
Fighting       | |  3.9
Throwing       | |  0.3
Stealth        | |  0.3

Action                   |  1- 3 |  4- 6 || total
-------------------------+-------+-------++-------
Melee: Hand axe          |    80 |    77 ||   157
       Tailslap          |     8 |    13 ||    21
       Punch             |       |     2 ||     2
Throw: Stone             |    12 |     8 ||    20
Invok: Berserk           |     3 |     1 ||     4
       Trog's Hand       |       |     1 ||     1
 Abil: Rolling Charge    |    15 |    10 ||    25
  Use: Scroll            |       |     4 ||     4
 Stab: Sleeping          |     1 |       ||     1
Armor: Animal skin       |     9 |       ||     9
       Leather armour    |     8 |     1 ||     9
       Ring mail         |       |    90 ||    90
Dodge: Dodged            |    41 |    45 ||    86

Table legend: (Time is in decaauts)
 A = Elapsed time spent in this place.
 B = Non-inter-level travel time spent in this place.
 C = Inter-level travel time spent in this place.
 D = Time resting spent in this place.
 E = Time spent auto-exploring this place.
 F = Levels seen in this place.
 G = Mean time per level.
                   A        B        C        D        E       F      G
               +--------+--------+--------+--------+--------+-----+--------+
         Total |   2335 |   2204 |    131 |      3 |   1646 |   4 |  583.8 |
       Dungeon |   2335 |   2204 |    131 |      3 |   1646 |   4 |  583.8 |
               +--------+--------+--------+--------+--------+-----+--------+

Top non-repeatable levels by time:
     D:1: 1099 daAuts
     D:2: 997 daAuts
     D:3: 146 daAuts
     D:4: 90 daAuts
